 Dungeon Crawl Stone Soup version 0.26-a0-541-g3b3d21e (webtiles) character file.

Game seed: 4164159706551412996

10286 DikBut the Thaumaturge (level 11, -14/86 HPs)
             Began as a Gnoll Warper on Aug 16, 2020.
             Was an Elder of Wu Jian.
             Demolished by a two-headed ogre
             ... wielding a +0 giant club
              (21 damage)
             ... on level 12 of the Dungeon.
             The game lasted 01:43:04 (15911 turns).

DikBut the Thaumaturge (Gnoll Warper)              Turns: 15911, Time: 01:43:05

Health: -14/86     AC: 11    Str: 15    XL:     11   Next: 59%
Magic:  13/23      EV: 18    Int: 25    God:    Wu Jian [****..]
Gold:   620        SH:  5    Dex: 16    Spells: 13/26 levels left

rFire    + . .     SeeInvis +   b - +6 trident "Xasunah" {drain, SInv}
rCold    . . .     Faith    .   (no shield)
rNeg     . . .     Spirit   .   I - +0 robe of the Onion {*Contam Harm rCorr Int+9}
rPois    .         Reflect  +   m - +2 helmet
rElec    .         Harm     +   s - +2 cloak
rCorr    +                      O - +0 pair of gloves
MR       .....                  x - +0 pair of boots
Stlth    +++.......             X - amulet of reflection
HPRegen  0.24/turn              t - ring of protection from fire
MPRegen  0.18/turn              F - ring of wizardry

@: no status effects
A: distributed training, fangs 1, strong nose
a: Wall Jump, Serpent's Lash, Renounce Religion


You were on level 12 of the Dungeon.
You worshipped Wu Jian.
Wu Jian was greatly pleased with you.
You visited 2 branches of the dungeon, and saw 13 of its levels.

You collected 620 gold pieces.

Inventory:

Hand Weapons
 a - the +2 falchion of Eternal War {drain, *Rage rPois rF+}
   (You found it on level 5 of the Dungeon)

   A truly terrible weapon, it drains the life of those it strikes.
   It protects you from fire.
   It protects you from poison.
   It may make you go berserk in combat.
 b - the +6 trident "Xasunah" (weapon) {drain, SInv}
   (You found it on level 7 of the Dungeon)

   A truly terrible weapon, it drains the life of those it strikes.
   It lets you see invisible.
 Y - a +0 mace of protection
Missiles
 e - 5 boomerangs of dispersal (quivered)
 i - 27 poisoned darts
 p - 260 arrows
 q - 9 boomerangs
 z - 134 bolts
 C - 118 sling bullets
Armour
 m - a +2 helmet (worn)
 s - a +2 cloak (worn)
 x - a +0 pair of boots (worn)
 I - the +0 robe of the Onion (worn) {*Contam Harm rCorr Int+9}
   (You found it on level 6 of the Dungeon)

   It affects your intelligence (+9).
   It causes magical contamination when unequipped.
   It provides partial protection from all sources of acid and corrosion.
   It increases damage dealt and taken.
 O - a +0 pair of gloves (worn)
Jewellery
 k - an uncursed amulet of guardian spirit {unknown}
 t - a ring of protection from fire (left hand)
 w - an uncursed amulet of the acrobat
 F - a ring of wizardry (right hand)
 K - an uncursed amulet of faith
 X - an amulet of reflection (around neck)
Wands
 y - a wand of enslavement (13)
 R - a wand of random effects (15)
 T - a wand of disintegration (26)
 V - a wand of polymorph (5)
 W - a wand of iceblast (5)
Scrolls
 f - a scroll of amnesia
 l - a scroll of immolation {unknown}
 u - 5 scrolls of enchant armour
 v - 6 scrolls of teleportation
 A - 3 scrolls of enchant weapon {unknown}
 E - 4 scrolls of blinking
 G - 2 scrolls of magic mapping {unknown}
 J - a scroll of random uselessness {unknown}
 N - 3 scrolls of remove curse
 Q - 2 scrolls of fear {unknown}
 S - a scroll of summoning {unknown}
Potions
 c - 3 potions of might
 d - 3 potions of brilliance
 g - 3 potions of cancellation
 h - a potion of berserk rage
 j - 2 potions of flight
 n - 2 potions of resistance
 o - a potion of curing
 L - a potion of heal wounds {unknown}
 P - a potion of stabbing {unknown}
 U - a potion of invisibility {unknown}


   Skills:
 + Level 8.0 Fighting
 + Level 6.4 Short Blades
 + Level 6.4 Long Blades
 + Level 8.0 Axes
 + Level 6.4 Maces & Flails
 + Level 6.4 Polearms
 + Level 6.4 Staves
 + Level 6.4 Slings
 + Level 6.4 Bows
 + Level 6.4 Crossbows
 + Level 7.0 Throwing
 + Level 7.0 Armour
 + Level 8.0 Dodging
 + Level 6.4 Stealth
 + Level 6.4 Shields
 + Level 6.4 Unarmed Combat
 + Level 8.2 Spellcasting
 + Level 5.3 Conjurations
 + Level 5.3 Hexes
 + Level 5.3 Summonings
 + Level 5.3 Necromancy
 + Level 7.7 Translocations
 + Level 5.3 Transmutations
 + Level 5.3 Fire Magic
 + Level 5.3 Ice Magic
 + Level 5.3 Air Magic
 + Level 5.3 Earth Magic
 + Level 5.3 Poison Magic
 + Level 7.1 Invocations
 + Level 6.4 Evocations


You had 13 spell levels left.
You knew the following spells:

 Your Spells              Type           Power        Failure   Level
a - Blink                 Tloc           N/A          1%          2
b - Summon Ice Beast      Ice/Summ       #####...     2%          4
c - Teleport Other        Tloc           #####...     1%          3
d - Wereblood             Tmut           #####...     1%          2
f - Call Imp              Summ           #####...     1%          2

Your spell library contained the following spells:

 Spells                   Type           Power        Failure   Level
 Animate Skeleton         Necr           #####.       1%          1
 Apportation              Tloc           #####.       1%          1
 Beastly Appendage        Tmut           #####.       1%          1
 Corona                   Hex            #####..      1%          1
 Summon Small Mammal      Summ           ####         1%          1
 Poisonous Vapours        Pois/Air       #####.       1%          2
 Slow                     Hex            #####...     1%          2
 Call Canine Familiar     Summ           #####...     1%          3
 Confusing Touch          Hex            #####...     1%          3
 Conjure Flame            Conj/Fire      #####...     1%          3
 Gell's Gravitas          Tloc           #####.....   1%          3
 Inner Flame              Hex/Fire       #####...     1%          3
 Lesser Beckoning         Tloc           #####.....   1%          3
 Mephitic Cloud           Conj/Pois/Air  #####...     1%          3
 Portal Projectile        Hex/Tloc       #####.       1%          3
 Spider Form              Tmut/Pois      #####.....   1%          3
 Summon Guardian Golem    Hex/Summ       #####...     1%          3
 Passage of Golubria      Tloc           N/A          1%          4
 Cause Fear               Hex            #####.....   2%          4
 Ice Form                 Ice/Tmut       #####...     2%          4
 Leda's Liquefaction      Hex/Erth       #####.....   2%          4
 Petrify                  Tmut/Erth      #####...     2%          4
 Summon Lightning Spire   Summ/Air       #####...     2%          4
 Blade Hands              Tmut           #####.....   8%          5
 Metabolic Englaciation   Hex/Ice        #####.....   8%          5
 Yara's Violent Unravell  Hex/Tmut       #####.....   8%          5
 Freezing Cloud           Conj/Ice/Air   #####.....   36%         6


Dungeon Overview and Level Annotations

Branches:
Dungeon (12/15)            Temple (1/1) D:4            Lair (0/6) D:11
    Orc (0/2) D:10

Altars:
Cheibriados
Dithmenos
Fedhas
Gozag
Hepliaklqana
Kikubaaqudgha
Makhleb
Okawaru
Qazlal
Trog
Uskayaw
Vehumet
Wu Jian
Yredelemnul
Zin
The Shining One

Shops:
D:6 *

Annotations:
D:3 Grinder


Innate Abilities, Weirdness & Mutations

Your experience applies equally to all skills.
You have very sharp teeth.
Your uncanny sense of smell can sniff out nearby items.


Message History

A beastly little devil appears in a puff of flame.
Your crimson imp hits the two-headed ogre.
Your crimson imp hits the two-headed ogre but does no damage.
You spin and attack the large slime creature.
You hit the large slime creature.
The large slime creature is lightly wounded.
The large slime creature hits you!!
You spin and attack the two-headed ogre.
You puncture the two-headed ogre!
The two-headed ogre is moderately wounded.
The large slime creature seems less drained.
The two-headed ogre closely misses you.
The two-headed ogre hits you with a +0 giant club!!
* * * LOW HITPOINT WARNING * * *
Your crimson imp hits the two-headed ogre.
There is a stone staircase leading up here.
The troll bites your crimson imp!
Your crimson imp dies!
The two-headed ogre hits you with a +0 giant club!!
You die...

##..#.## ##......#
####......##
#####...........
###...............
##.#..T..........#.
###....##....(....###
#...JO..##.......##..
###.@................
#....................
#.........#..........
##...#...##..##.#....
######..##..........
#..............
....#.........)
..............T.
...#.............


You could see a large slime creature, a two-headed ogre and a troll.

Vanquished Creatures
  3 two-headed ogres
  2 unseen horrors
  Psyche (D:8)
  2 trolls
  A slime creature (D:12)
  Sigmund (D:5)
  A shadow (D:9)
  2 wraiths
  Eustachio (D:4)
  4 yaks (D:6)
  A two-headed ogre zombie (D:10)
  4 sky beasts
  3 orc warriors
  5 phantoms
  4 ogres
  4 centaurs
  6 bullfrogs
  A gnoll sergeant (D:5)
  A troll zombie (D:10)
  15 killer bees
  9 wights
  A howler monkey (D:5)
  A crimson imp (D:4)
  A bullfrog zombie (D:5)
  A quasit (D:9)
  6 orc priests
  3 hounds
  2 bullfrog skeletons
  Natasha (twice) (D:4)
  4 iguanas
  6 orc wizards
  11 worker ants
  5 ogre zombies (D:10)
  A hound skeleton (D:8)
  A worker ant zombie (D:8)
  5 gnolls
  12 adders
  A shadow imp (D:9)
  3 white imps
  3 ufetubi
  An ooze (D:5)
  An adder skeleton (D:8)
  4 worms
  2 dart slugs (D:2)
  6 leopard geckos
  21 orcs
  9 giant cockroaches
  11 goblins
  10 hobgoblins
  8 jackals
  11 kobolds
  4 quokkas
  A ball python (D:3)
  8 bats
  4 frilled lizards
  3 giant cockroach zombies
  A goblin skeleton (D:10)
  2 goblin zombies
  6 hobgoblin zombies (D:4)
  2 kobold skeletons (D:4)
  A kobold zombie (D:4)
  A leopard gecko zombie (D:8)
  3 orc skeletons
  21 orc zombies
  5 rats
286 creatures vanquished.

Vanquished Creatures (collateral kills)
  2 slime creatures (D:12)
  A wyvern (D:11)
  A black bear (D:7)
  A necrophage (D:12)
  An eye of draining (D:9)
  A sky beast (D:11)
  A bullfrog (D:10)
  2 scorpions
  3 wights (D:11)
  A troll zombie (D:10)
  A howler monkey (D:10)
  A hound (D:11)
  A bullfrog skeleton (D:8)
  An orc wizard (D:8)
  2 iguanas
  A worker ant (D:11)
  A worker ant zombie (D:10)
  2 gnolls (D:8)
  An adder (D:9)
  4 orcs
  A quokka (D:8)
  A hobgoblin zombie (D:10)
  An orc zombie (D:10)
32 creatures vanquished.

Grand Total: 318 creatures vanquished

Notes
Turn   | Place    | Note
-------+----------+-------------------------------------------
     0 | D:1      | DikBut the Gnoll Warper began the quest for the Orb.
     0 | D:1      | Reached XP level 1. HP: 20/20 MP: 6/6
   216 | D:1      | Reached XP level 2. HP: 26/26 MP: 7/7
   220 | D:1      | Learned a level 2 spell: Blink
   650 | D:1      | Reached XP level 3. HP: 31/31 MP: 9/9
   804 | D:1      | Reached skill level 5 in Spellcasting
  1330 | D:2      | Reached skill level 1 in Invocations
  1732 | D:2      | Found a stormy altar of Qazlal.
  1807 | D:2      | Reached skill level 1 in Short Blades
  1807 | D:2      | Reached skill level 1 in Long Blades
  1807 | D:2      | Reached skill level 1 in Maces & Flails
  1807 | D:2      | Reached skill level 1 in Polearms
  1807 | D:2      | Reached skill level 1 in Staves
  1807 | D:2      | Reached skill level 1 in Slings
  1807 | D:2      | Reached skill level 1 in Bows
  1807 | D:2      | Reached skill level 1 in Crossbows
  1807 | D:2      | Reached skill level 1 in Stealth
  1807 | D:2      | Reached skill level 1 in Shields
  1807 | D:2      | Reached skill level 1 in Unarmed Combat
  1807 | D:2      | Reached skill level 1 in Evocations
  2157 | D:2      | Reached XP level 4. HP: 38/38 MP: 11/11
  2657 | D:3      | Reached skill level 1 in Conjurations
  2657 | D:3      | Reached skill level 1 in Hexes
  2657 | D:3      | Reached skill level 1 in Summonings
  2657 | D:3      | Reached skill level 1 in Necromancy
  2657 | D:3      | Reached skill level 1 in Transmutations
  2657 | D:3      | Reached skill level 1 in Fire Magic
  2657 | D:3      | Reached skill level 1 in Ice Magic
  2657 | D:3      | Reached skill level 1 in Air Magic
  2657 | D:3      | Reached skill level 1 in Earth Magic
  2657 | D:3      | Reached skill level 1 in Poison Magic
  2681 | D:3      | Learned a level 3 spell: Gell's Gravitas
  2685 | D:3      | Learned a level 3 spell: Teleport Other
  3017 | D:3      | Reached XP level 5. HP: 39/43 MP: 9/12
  3165 | D:3      | Noticed Grinder
  3211 | D:3      | Paralysed by Grinder for 4 turns
  3513 | D:3      | Paralysed by Grinder for 2 turns
  3522 | D:3      | Paralysed by Grinder for 5 turns
  3783 | D:4      | Noticed a sky beast
  3910 | D:4      | Found a glowing golden altar of the Shining One.
  3921 | D:4      | Reached XP level 6. HP: 50/50 MP: 3/13
  4725 | D:5      | Entered Level 5 of the Dungeon
  4896 | D:5      | Reached skill level 5 in Fighting
  4896 | D:5      | Reached skill level 5 in Axes
  4896 | D:5      | Reached skill level 5 in Dodging
  4897 | D:5      | Noticed Eustachio
  4899 | D:5      | Noticed a phantom
  5179 | D:5      | Noticed a phantom
  5184 | D:5      | Got a slimy falchion
  5214 | D:4      | Killed Eustachio
  5214 | D:4      | Reached XP level 7. HP: 34/56 MP: 1/15
  5240 | D:4      | Identified the +2 falchion of Eternal War {drain, *Rage
                  | rPois rF+} (You found it on level 5 of the Dungeon)
  5541 | D:4      | Found a staircase to the Ecumenical Temple.
  5572 | Temple   | Entered the Ecumenical Temple
  5601 | Temple   | Became a worshipper of the Wu Jian Council
  5750 | D:4      | Noticed Natasha
  5756 | D:4      | Killed Natasha
  5807 | D:4      | Reached XP level 8. HP: 63/63 MP: 16/16
  6063 | D:4      | Noticed Natasha
  6072 | D:4      | Killed Natasha
  6204 | D:5      | Reached * piety under Wu Jian
  6502 | D:5      | Noticed Sigmund
  6546 | D:5      | Killed Sigmund
  7078 | D:5      | Found a radiant altar of Vehumet.
  7078 | D:5      | Found a bloodstained altar of Trog.
  7079 | D:5      | Found an iron altar of Okawaru.
  7169 | D:6      | Reached XP level 9. HP: 69/69 MP: 18/18
  7300 | D:6      | Got a shimmering spear
  7301 | D:6      | Identified the +2 spear "Utuelix" {antimagic, +Fly rN+
                  | Int+2} (You found it on level 6 of the Dungeon)
  7322 | D:6      | Learned a level 2 spell: Wereblood
  7972 | D:6      | Got a shimmering robe
  7983 | D:6      | Identified the +0 robe of the Onion {*Contam Harm rCorr
                  | Int+9} (You found it on level 6 of the Dungeon)
  7988 | D:6      | Learned a level 3 spell: Spider Form
  7991 | D:6      | Learned a level 2 spell: Call Imp
  8017 | D:6      | Found Aciolock's Assorted Antiques.
  8034 | D:6      | Reached skill level 5 in Throwing
  8034 | D:6      | Reached skill level 5 in Armour
  8214 | D:6      | Reached skill level 5 in Invocations
  8868 | D:7      | Got a dazzling trident
  8869 | D:7      | Identified the +6 trident "Xasunah" {drain, SInv} (You
                  | found it on level 7 of the Dungeon)
  8892 | D:7      | Reached ** piety under Wu Jian
  9656 | D:8      | Reached XP level 10. HP: 63/77 MP: 20/20
 10023 | D:8      | Found a bloodstained altar of Trog.
 10097 | D:8      | Reached skill level 5 in Short Blades
 10097 | D:8      | Reached skill level 5 in Long Blades
 10097 | D:8      | Reached skill level 5 in Maces & Flails
 10097 | D:8      | Reached skill level 5 in Polearms
 10097 | D:8      | Reached skill level 5 in Staves
 10097 | D:8      | Reached skill level 5 in Slings
 10097 | D:8      | Reached skill level 5 in Bows
 10097 | D:8      | Reached skill level 5 in Crossbows
 10097 | D:8      | Reached skill level 5 in Stealth
 10097 | D:8      | Reached skill level 5 in Shields
 10097 | D:8      | Reached skill level 5 in Unarmed Combat
 10097 | D:8      | Reached skill level 5 in Evocations
 10424 | D:8      | Noticed Psyche
 10435 | D:8      | Killed Psyche
 10597 | D:8      | Found a hide-covered altar of Uskayaw.
 10679 | D:9      | Noticed a two-headed ogre
 10702 | D:9      | Killed a two-headed ogre
 11293 | D:9      | Reached *** piety under Wu Jian
 11448 | D:9      | Found a shadowy altar of Dithmenos.
 11916 | D:10     | Entered Level 10 of the Dungeon
 11916 | D:10     | Noticed an unseen horror
 11942 | D:9      | Killed an unseen horror
 12199 | D:9      | Reached XP level 11. HP: 76/84 MP: 22/22
 12560 | D:8      | Found a hide-covered altar of Uskayaw.
 12719 | D:10     | Reached **** piety under Wu Jian
 13028 | D:10     | Found a staircase to the Orcish Mines.
 13509 | D:10     | Reached skill level 5 in Conjurations
 13509 | D:10     | Reached skill level 5 in Hexes
 13509 | D:10     | Reached skill level 5 in Summonings
 13509 | D:10     | Reached skill level 5 in Necromancy
 13509 | D:10     | Reached skill level 5 in Transmutations
 13509 | D:10     | Reached skill level 5 in Fire Magic
 13509 | D:10     | Reached skill level 5 in Ice Magic
 13509 | D:10     | Reached skill level 5 in Air Magic
 13509 | D:10     | Reached skill level 5 in Earth Magic
 13509 | D:10     | Reached skill level 5 in Poison Magic
 13676 | D:10     | Noticed a two-headed ogre
 13701 | D:10     | Killed a two-headed ogre
 13739 | D:10     | You fall into a shaft and drop 2 floors!
 13740 | D:12     | Noticed a red ugly thing
 13773 | D:11     | Found a shadowy altar of Dithmenos.
 13985 | D:11     | Noticed a two-headed ogre
 14007 | D:11     | Killed a two-headed ogre
 14589 | D:11     | Learned a level 4 spell: Summon Ice Beast
 15179 | D:11     | Found a staircase to the Lair.
 15487 | D:11     | Killed an unseen horror
 15871 | D:12     | Noticed a two-headed ogre
 15911 | D:12     | Demolished by a two-headed ogre

Illustrated notes

Levels and vault maps discovered:
D:1:      lordsloth_arrival_two_stooges, layout_basic
D:2:      layout_basic, lemuel_round_altar
D:3:      layout_loops_ring, minmay_misc_feat_alley, uniq_grinder
D:4:      layout_basic, nicolae_tso_besieged_by_evil, temple_green, uniq_natasha
D:5:      layout_rooms, gammafunk_temple_overflow_claw, uniq_sigmund,
          uniq_eustachio
D:6:      layout_loops_ring, serial_shops, nicolae_shop_window_shopping,
          minmay_chambers_of_fives
D:7:      kennysheep_spiral_hall, layout_basic, serial_curves, eino_curves_01,
          eino_curves_04, eino_curves_03
D:8:      layout_basic, marbit_many_paths, trog_hazing_becter, uniq_psyche
D:9:      layout_loops_ring, lemuel_coloured_pillars_altar, serial_rivers,
          chequers_serial_rivers_micro_e, chequers_serial_rivers_micro_e,
          chequers_serial_rivers_marsh, chequers_serial_rivers_small_3,
          chequers_serial_rivers_micro_a, chequers_serial_rivers_large_b
D:10:     layout_gridville, zombieorc2_lemuel
D:11:     layout_basic, lair_entry_dummy, basic_altar
D:12:     layout_cave_pools, grunt_decor_arrowhead, okawaru_humans
Temple:   eino_wide_crystal_templ

Skill      XL: |  1  2  3  4  5  6  7  8  9 10 11 |
---------------+----------------------------------+-----
Spellcasting   | 5 6 7 8 |  8.2
Invocations    | 1 2 3 4 5 6 7 |  7.1
Short Blades   | 1 2 3 4 5 6 |  6.4
Long Blades    | 1 2 3 4 5 6 |  6.4
Maces & Flails | 1 2 3 4 5 6 |  6.4
Polearms       | 1 2 3 4 5 6 |  6.4
Staves         | 1 2 3 4 5 6 |  6.4
Slings         | 1 2 3 4 5 6 |  6.4
Bows           | 1 2 3 4 5 6 |  6.4
Crossbows      | 1 2 3 4 5 6 |  6.4
Stealth        | 1 2 3 4 5 6 |  6.4
Shields        | 1 2 3 4 5 6 |  6.4
Unarmed Combat | 1 2 3 4 5 6 |  6.4
Evocations     | 1 2 3 4 5 6 |  6.4
Conjurations   | 1 2 3 4 5 |  5.3
Hexes          | 1 2 3 4 5 |  5.3
Summonings     | 1 2 3 4 5 |  5.3
Necromancy     | 1 2 3 4 5 |  5.3
Transmutations | 1 2 3 4 5 |  5.3
Fire Magic     | 1 2 3 4 5 |  5.3
Ice Magic      | 1 2 3 4 5 |  5.3
Air Magic      | 1 2 3 4 5 |  5.3
Earth Magic    | 1 2 3 4 5 |  5.3
Poison Magic   | 1 2 3 4 5 |  5.3
Throwing       | 3 4 5 6 7 |  7.0
Armour         | 3 4 5 6 7 |  7.0
Fighting       | 5 6 7 8 |  8.0
Axes           | 5 6 7 8 |  8.0
Dodging        | 5 6 7 8 |  8.0
Translocations | 6 7 |  7.7

Action                   |  1- 3 |  4- 6 |  7- 9 | 10-12 || total
-------------------------+-------+-------+-------+-------++-------
Melee: Hand axe          |   112 |   225 |    25 |       ||   362
       Bite              |    11 |    20 |    34 |    28 ||    93
       Punch             |       |     3 |     8 |     5 ||    16
       Falchion          |       |       |   175 |     8 ||   183
       Spear             |       |       |    67 |       ||    67
       Trident           |       |       |    37 |   268 ||   305
       Unarmed           |       |       |    11 |    77 ||    88
       Lajatang          |       |       |     2 |       ||     2
       Mace              |       |       |       |     4 ||     4
 Cast: Blink             |     2 |    27 |     2 |    10 ||    41
       Gell's Gravitas   |       |    19 |     8 |    11 ||    38
       Teleport Other    |       |     8 |     1 |     5 ||    14
       Call Imp          |       |       |     9 |   105 ||   114
       Spider Form       |       |       |     4 |     5 ||     9
       Wereblood         |       |       |     3 |     9 ||    12
       Summon Ice Beast  |       |       |       |    16 ||    16
Invok: Lunge             |       |       |    22 |    25 ||    47
       Whirlwind         |       |       |    35 |   143 ||   178
       Serpent's Lash    |       |       |       |     2 ||     2
 Abil: Wall Jump         |       |       |       |     1 ||     1
Evoke: Wand              |       |       |       |     2 ||     2
  Use: Scroll            |       |     8 |     3 |     8 ||    19
       Potion            |       |     2 |     2 |     4 ||     8
 Stab: Sleeping          |     5 |     3 |    10 |     6 ||    24
       Distracted        |       |       |     2 |     4 ||     6
Armor: Leather armour    |    26 |    75 |    68 |       ||   169
       Robe              |       |       |    15 |    89 ||   104
       Skin              |       |       |       |     2 ||     2
Dodge: Dodged            |    78 |   210 |   276 |   343 ||   907
Block: Other             |       |       |       |     8 ||     8
       Rpst.: Falchion   |       |       |    50 |       ||    50

Table legend: (Time is in decaauts)
 A = Elapsed time spent in this place.
 B = Non-inter-level travel time spent in this place.
 C = Inter-level travel time spent in this place.
 D = Time resting spent in this place.
 E = Time spent auto-exploring this place.
 F = Levels seen in this place.
 G = Mean time per level.
                   A        B        C        D        E       F      G
               +--------+--------+--------+--------+--------+-----+--------+
         Total |  16059 |  15799 |    260 |   4123 |   6429 |  13 | 1235.3 |
       Dungeon |  16006 |  15747 |    259 |   4123 |   6429 |  12 | 1333.8 |
        Temple |     52 |     51 |      1 |      0 |      0 |   1 |   52.0 |
               +--------+--------+--------+--------+--------+-----+--------+

Top non-repeatable levels by time:
     D:4: 2276 daAuts
     D:6: 1933 daAuts
     D:9: 1925 daAuts
    D:11: 1830 daAuts
     D:8: 1509 daAuts
     D:5: 1216 daAuts
     D:1: 1179 daAuts
     D:2: 1143 daAuts
     D:3: 1084 daAuts
    D:10: 935 daAuts
     D:7: 841 daAuts
    D:12: 130 daAuts
  Temple: 52 daAuts
